 Dungeon Crawl Stone Soup version 0.27-a0-650-g8dd3ea4f36 (webtiles) character file.

Game seed: 10813436888694979584

262 tilp the Insei (level 6, -7/43 HPs)
             Began as an Octopode Transmuter on Mar 15, 2021.
             Was an Initiate of Okawaru.
             Mangled by an ogre
             ... wielding a +0 giant club
              (24 damage)
             ... on level 4 of the Dungeon.
             The game lasted 00:04:27 (4089 turns).

tilp the Insei (Octopode Transmuter)                Turns: 4089, Time: 00:04:27

Health: -7/43      AC:  5    Str: 10    XL:     6   Next: 18%
Magic:  7/9        EV: 13    Int: 17    God:    Okawaru [......]
Gold:   219        SH:  0    Dex: 12    Spells: 6/9 levels left

rFire    . . .     SeeInvis +     - Unarmed
rCold    . . .     Faith    .   (no shield)
rNeg     . . .     Spirit   .   (helmet currently unavailable)
rPois    .         Reflect  .   (no amulet)
rElec    .         Harm     .   m - +4 ring of protection
rCorr    .         Rampage  .   f - ring of see invisible
Will     .....                  (no ring)
Stlth    +++.......             (no ring)
HPRegen  0.14/turn              (no ring)
MPRegen  0.11/turn              (no ring)
                                (no ring)
                                (no ring)

@: appendages, very slightly contaminated
A: tentacle spike 3, almost no armour, amphibious, 8 rings, camouflage 1,
gelatinous body 1, nimble swimmer 1, tentacles
a: End Transformation, Renounce Religion


You were on level 4 of the Dungeon.
You worshipped Okawaru.
Okawaru was noncommittal.
One of your tentacles had grown a beastly spike.
You visited 1 branch of the dungeon, and saw 4 of its levels.

You collected 219 gold pieces.

Inventory:

Missiles
 c - 33 poisoned darts (quivered)
Jewellery
 f - a ring of see invisible (right tentacle)
 m - a +4 ring of protection (left tentacle)
Scrolls
 i - a scroll of teleportation
 n - 2 scrolls of enchant armour
Potions
 a - a potion of mutation {unknown}
 b - 2 potions of brilliance {unknown}
 d - 3 potions of curing
 e - a potion of magic {unknown}
 g - a potion of might {unknown}
 h - 3 potions of flight
 j - a potion of degeneration {unknown}
 k - a potion of heal wounds {unknown}
 l - a potion of ambrosia {unknown}


   Skills:
 + Level 3.6 Fighting
 - Level 2.0 Dodging
 - Level 4.0 Stealth
 + Level 4.7 Unarmed Combat
 - Level 2.0 Spellcasting
 - Level 2.0 Transmutations


You had 6 spell levels left.
You knew the following spells:

 Your Spells              Type           Power      Damage    Failure   Level
a - Beastly Appendage     Tmut           16%        N/A       9%          1
b - Wereblood             Tmut           8%         N/A       13%         2

Your spell library contained the following spells:

 Spells                   Type           Power      Damage    Failure   Level
 Spider Form              Tmut/Pois      2%         N/A       36%         3
 Ice Form                 Ice/Tmut       5%         N/A       77%         4
 Blade Hands              Tmut           4%         N/A       93%         5


Dungeon Overview and Level Annotations

Branches:
Dungeon (4/15)
 Temple: D:4-7

Altars:
Okawaru


Innate Abilities, Weirdness & Mutations

One of your tentacles has grown a beastly spike.
You cannot wear most types of armour.
You are amphibious.
You can wear up to eight rings at the same time.
Your skin changes colour to match your surroundings (Stealth+).
Your rubbery body absorbs attacks. (AC +1, EV +1)
You are stealthy while swimming. (Stealth+)
You have tentacles for arms and can constrict up to eight enemies at once.


Message History

A frilled lizard is nearby!
The helpless frilled lizard fails to defend itself.
You bludgeon the frilled lizard!
You kill the frilled lizard!
Okawaru accepts your kill.
No target in view!
You see here a frilled lizard corpse.
An ogre comes into view. It is wielding a +0 giant club.
The ogre shouts!
An ogre is nearby!
An ogre is nearby!
You throw a poisoned dart. The poisoned dart hits the ogre.
You throw a poisoned dart. The poisoned dart hits the ogre.
Casting: Beastly Appendage (safe; 9% risk of failure)
Confirm with . or Enter, or press ? or * to list all spells.
You miscast Beastly Appendage.
You are very lightly contaminated with residual magic.
Nothing appears to happen.
Casting: Beastly Appendage (safe; 9% risk of failure)
Confirm with . or Enter, or press ? or * to list all spells.
One of your tentacles grows a vicious spike.
The ogre hits you with a +0 giant club!
You tentacle-slap the ogre.
The ogre is lightly wounded.
The ogre misses you.
You tentacle-slap the ogre but do no damage.
Your tentacle spike misses the ogre.
The ogre is lightly wounded.
You barely miss the ogre.
The ogre is lightly wounded.
The ogre closely misses you.
You barely miss the ogre.
The ogre is lightly wounded.
The ogre hits you with a +0 giant club!
* * * LOW HITPOINT WARNING * * *
You tentacle-slap the ogre.
The ogre is moderately wounded.
The ogre hits you with a +0 giant club!!
Ouch! That really hurt!
You die...

#..........#..##
##....#....###.###
###..#.....#
##..##
###.#..#...#
##..##
...#..####.##
##..## ###...#
#..# #...# ##.##
##.## ##...##
#..###.##
##.###.##
##.###...##
#O@####.## ..#
##### #.#..#
##.### .## #(###†#
##..### .# #(#
#.## ##...# .# ..#
##.#####...# ## ..
#.........# .. #
######...## ###
##### #


You could see an ogre.

Vanquished Creatures
  An iguana (D:4)
  Jessica (D:3)
  A worker ant (D:3)
  7 adders
  3 gnolls (D:3)
  5 dart slugs
  A leopard gecko (D:3)
  6 orcs (D:3)
  A bat (D:2)
  2 giant cockroaches
  12 goblins
  8 hobgoblins
  4 jackals
  10 kobolds
  2 frilled lizards
  11 rats
75 creatures vanquished.

Notes
Turn   | Place    | Note
-------+----------+-------------------------------------------
     0 | D:1      | tilp the Octopode Transmuter began the quest for the Orb.
     0 | D:1      | Reached XP level 1. HP: 13/13 MP: 3/3
    74 | D:1      | Reached skill level 1 in Stealth
   332 | D:1      | Reached XP level 2. HP: 18/18 MP: 5/5
   335 | D:1      | Learned a level 2 spell: Wereblood
   857 | D:1      | Reached XP level 3. HP: 16/23 MP: 3/6
  1611 | D:2      | Reached XP level 4. HP: 29/29 MP: 7/7
  1732 | D:2      | Found a faded altar of an unknown god.
  2187 | D:3      | Found an iron altar of Okawaru.
  2513 | D:3      | Became a worshipper of Warmaster Okawaru
  2582 | D:3      | Noticed Jessica
  2589 | D:3      | Killed Jessica
  2590 | D:3      | Reached XP level 5. HP: 11/35 MP: 4/8
  3975 | D:4      | Reached XP level 6. HP: 42/42 MP: 5/9
  4089 | D:4      | Mangled by an ogre

Illustrated notes

Levels and vault maps discovered:
D:1:      saegor_arrival_simple_e, layout_loops_ring
D:2:      layout_basic, chequers_ecumenical_altar_grove,
          chequers_serial_rivers_small_a
D:3:      layout_loops_ring, okawaru_metal_pillars_1_2, uniq_jessica
D:4:      layout_layer_cave, fedhas_bush_and_centaur_altar, uniq_blork_the_orc

Skill      XL: |  1  2  3  4  5 |
---------------+----------------+-----
Stealth        | 2 3 4 |  4.0
Fighting       | 2 3 |  3.6
Unarmed Combat | 4 |  4.7
Dodging        | |  2.0
Spellcasting   | |  2.0
Transmutations | |  2.0

Action                   |  1- 3 |  4- 6 || total
-------------------------+-------+-------++-------
Melee: Unarmed           |    72 |    95 ||   167
       Constrict         |    28 |    22 ||    50
       Tentacles         |    17 |    14 ||    31
       Kick              |     2 |    18 ||    20
       Punch             |     1 |     4 ||     5
Throw: Dart              |     5 |     6 ||    11
 Cast: Wereblood         |     3 |    10 ||    13
       Beastly Appendage |     2 |    19 ||    21
  Use: Scroll            |     1 |     5 ||     6
 Stab: Sleeping          |     9 |     4 ||    13
Armor: Skin              |     7 |     9 ||    16
Dodge: Dodged            |    45 |    44 ||    89

Table legend: (Time is in decaauts)
 A = Elapsed time spent in this place.
 B = Non-inter-level travel time spent in this place.
 C = Inter-level travel time spent in this place.
 D = Time resting spent in this place.
 E = Time spent auto-exploring this place.
 F = Levels seen in this place.
 G = Mean time per level.
                   A        B        C        D        E       F      G
               +--------+--------+--------+--------+--------+-----+--------+
         Total |   4076 |   3978 |     98 |    302 |   3165 |   4 | 1019.0 |
       Dungeon |   4076 |   3978 |     98 |    302 |   3165 |   4 | 1019.0 |
               +--------+--------+--------+--------+--------+-----+--------+

Top non-repeatable levels by time:
     D:3: 1966 daAuts
     D:1: 1146 daAuts
     D:2: 805 daAuts
     D:4: 158 daAuts
